Map: Bridgehead LE (Void)

Players

dipwood

  • Race: Protoss Protoss
  • League: Master

Plurmorant - Winner!

  • Race: Zerg Zerg
  • League: Master

Event: ASL Season 5 Prime League LOTV Beta

VOD

Have the link to the VOD?

Description

Time

  • Played on: Sept. 10, 2015, 9:33 p.m.
  • Length: 12:58

All games in this series

Show
View Real Time Build Order
Export as new Build Order

dipwood Protoss 

Build Orders:  

Get SALT Encoding   

  12  0:00  Probe (Chrono Boost)  
  13  0:11  Probe (Chrono Boost)  
  14  0:23  Probe (Chrono Boost), Pylon  
  15  0:42  Gateway  
  15  0:43  Probe (Chrono Boost)  
  15  0:46  Assimilator  
  16  0:54  Probe (Chrono Boost)  
  17  0:59  Gateway  
  17  1:04  Probe (Chrono Boost)  
  18  1:15  Probe (Chrono Boost)  
  19  1:25  Probe (Chrono Boost)  
  20  1:31  Cybernetics Core  
  20  1:45  Nexus  
  20  1:57  Pylon  
  22  2:10  Adept (Chrono Boost)  
  22  2:14  Adept (Chrono Boost)  
  22  2:15  Mothership Core  
  26  2:24  Warp Gate (Chrono Boost)  
  26  2:29  Assimilator  
  26  2:36  Probe (Chrono Boost)  
  27  2:38  Pylon  
  27  2:46  Probe (Chrono Boost)  
  28  2:56  Probe (Chrono Boost)  
  28  2:57  Probe (Chrono Boost)  
  30  3:02  Robotics Facility  
  30  3:06  Probe (Chrono Boost)  
  30  3:08  Probe (Chrono Boost)  
  32  3:17  Probe (Chrono Boost)  
  32  3:18  Probe (Chrono Boost)  
  34  3:27  Probe (Chrono Boost)  
  34  3:28  Probe (Chrono Boost)  
  36  3:36  Pylon  
  36  3:37  Probe x2 (Chrono Boost)  
  38  3:49  Probe  
  38  3:50  Gateway  
  38  3:52  Gateway  
  38  3:54  Immortal (Chrono Boost)  
  39  3:57  Probe  
  39  4:01  Probe  
  45  4:08  Probe  
  45  4:11  Pylon  
  45  4:13  Probe  
  47  4:28  Immortal (Chrono Boost)  
  47  4:30  Sentry x2  
  55  4:33  Probe  
  56  4:39  Pylon  
  56  4:52  Sentry x2  
  60  4:57  Gateway  
  60  5:00  Gateway, Warp Prism (Chrono Boost)  
  60  5:01  Gateway  
  60  5:03  Gateway  
  62  5:07  Pylon  
  62  5:10  Pylon  
  62  5:11  Sentry  
  62  5:14  Pylon  
  64  5:17  Adept x2  
  68  5:30  Pylon  
  68  5:31  Observer (Chrono Boost)  
  68  5:35  Adept  
  71  5:39  Adept  
  73  5:55  Adept x2  
  77  5:57  Adept  
  77  6:01  Adept  
  81  6:04  Adept  
  71  6:21  Immortal (Chrono Boost)  
  75  6:26  Assimilator  
  75  6:28  Assimilator  
  75  6:30  Pylon  
  75  6:32  Pylon  
  75  6:35  Adept x3  
  75  6:37  Zealot x5  
  91  6:42  Pylon  
  91  6:44  Pylon  
  91  6:54  Observer (Chrono Boost)  
  92  6:56  Gateway  
  92  7:02  Pylon  
  92  7:13  Stalker  
  92  7:14  Stalker x2  
  92  7:15  Zealot x3  
  98  7:26  Pylon  
  98  7:28  Forge  
  98  7:37  Sentry  
  100  7:50  Probe  
  100  7:52  Probe  
  100  8:03  Adept x3  
  100  8:04  Nexus  
  100  8:05  Sentry x2, Probe  
  111  8:06  Pylon  
  109  8:19  Adept x3  
  99  8:23  Adept  
  71  8:42  Immortal (Chrono Boost)  
  71  8:48  Adept x3  
  81  8:50  Sentry x2  
  81  8:53  Sentry  
  87  9:04  Protoss Ground Weapons Level 1 (Chrono Boost), Assimilator  
  87  9:09  Assimilator  
  57  9:41  Immortal  
  57  9:50  Stalker x5  
  57  9:51  Zealot x2  
  75  9:54  Mothership Core  
  63  10:19  Sentry  
  63  10:20  Sentry x3  
  61  10:35  Stalker x3  
  67  10:38  Adept  
  69  10:44  Adept  
  71  11:03  Pylon  
  71  11:06  Sentry x2  
  71  11:10  Sentry  
  77  11:16  Zealot x3  
  75  11:30  Immortal (Chrono Boost)  
  77  11:33  Sentry  
  74  12:07  Photon Cannon  
  73  12:18  Stalker  
  71  12:44  Stalker  
  71  12:45  Stalker x3  
Show
View Real Time Build Order
Export as new Build Order

Plurmorant Zerg - Winner!

Build Orders: Hatch First 

Get SALT Encoding   

  12  0:00  Drone  
  13  0:12  Overlord  
  13  0:17  Drone  
  14  0:23  Extractor  
  14  0:24  Drone  
  15  0:30  Drone  
  15  0:35  Drone  
  17  0:51  Hatchery  
  17  0:54  Drone  
  17  1:08  Spawning Pool  
  17  1:11  Drone  
  17  1:14  Drone  
  17  1:18  Drone  
  19  1:27  Overlord  
  19  1:38  Drone  
  20  1:52  Drone  
  21  1:54  Queen  
  21  1:58  Extractor  
  21  2:00  Roach Warren, Drone  
  22  2:03  Queen  
  22  2:06  Drone  
  25  2:11  Drone  
  25  2:14  Drone  
  27  2:25  Drone x2  
  29  2:33  Drone  
  29  2:35  Overlord  
  30  2:43  Drone  
  31  2:47  Roach  
  33  2:54  Roach  
  33  2:55  Extractor  
  36  2:58  Roach  
  36  3:02  Roach  
  36  3:04  Hatchery  
  37  3:11  Overlord  
  37  3:12  Drone x2  
  39  3:15  Drone  
  36  3:20  Drone  
  36  3:24  Drone  
  36  3:26  Drone  
  39  3:28  Drone  
  39  3:30  Drone  
  39  3:33  Drone  
  42  3:35  Drone  
  42  3:40  Drone  
  44  3:42  Drone  
  44  3:43  Drone  
  44  3:45  Drone  
  44  3:47  Drone  
  48  3:51  Overlord  
  48  3:56  Overlord  
  48  4:01  Overlord  
  48  4:08  Roach  
  50  4:11  Overlord  
  50  4:14  Drone x2, Overlord  
  50  4:16  Burrow  
  52  4:22  Roach x2  
  52  4:23  Roach  
  58  4:28  Queen  
  62  4:31  Roach  
  62  4:34  Roach  
  62  4:36  Roach  
  66  4:41  Roach x2  
  66  4:44  Roach  
  72  4:46  Roach  
  72  4:51  Roach  
  76  4:56  Overlord  
  76  4:57  Drone  
  76  4:59  Overlord  
  77  5:00  Roach  
  77  5:02  Roach  
  77  5:04  Roach  
  83  5:10  Extractor  
  82  5:15  Overlord  
  82  5:16  Roach x2  
  82  5:18  Roach  
  88  5:22  Overlord, Roach x7  
  88  5:23  Roach  
  88  5:28  Roach  
  92  5:33  Roach  
  94  5:36  Roach, Queen  
  94  5:41  Roach  
  98  5:43  Roach  
  98  5:45  Roach  
  98  5:47  Queen  
  98  5:49  Roach x20  
  106  5:51  Roach x6  
  106  5:52  Roach  
  106  5:55  Roach  
  110  5:59  Roach  
  110  6:01  Roach  
  114  6:09  Roach x2  
  114  6:13  Roach  
  114  6:14  Drone x2  
  114  6:15  Drone  
  114  6:16  Drone  
  114  6:17  Drone x2  
  114  6:18  Drone x2, Extractor  
  121  6:24  Lair  
  121  6:26  Drone  
  121  6:29  Overlord  
  121  6:32  Overlord  
  122  6:39  Overlord x2  
  122  6:50  Drone x2  
  122  6:51  Overlord  
  124  6:56  Overlord  
  124  6:58  Drone x2  
  124  6:59  Drone x3  
  124  7:00  Drone x2  
  111  7:18  Drone x2, Overlord  
  111  7:24  Roach  
  111  7:25  Roach  
  111  7:26  Roach  
  111  7:27  Glial Reconstitution  
  111  7:28  Roach  
  111  7:29  Roach x7  
  131  7:32  Roach  
  131  7:33  Roach  
  131  7:36  Roach  
  137  7:37  Roach  
  137  7:38  Roach  
  137  7:43  Roach x2  
  145  7:45  Roach  
  145  7:49  Roach x2  
  145  7:50  Roach  
  149  8:03  Overlord  
  149  8:04  Roach x4  
  153  8:07  Roach x2  
  151  8:13  Roach  
  151  8:15  Roach  
  151  8:16  Roach x2  
  151  8:17  Overlord  
  151  8:18  Roach x2  
  151  8:19  Roach x2  
  147  8:21  Roach  
  131  8:28  Roach x2  
  131  8:29  Roach  
  131  8:33  Roach  
  123  8:36  Drone x2  
  123  8:39  Drone, Hydralisk Den  
  127  8:41  Roach x2  
  127  8:43  Roach  
  127  8:44  Roach  
  127  8:45  Roach  
  127  8:48  Tunneling Claws  
  133  8:52  Roach  
  133  8:53  Roach  
  133  8:54  Roach  
  139  8:58  Roach  
  139  8:59  Roach  
  139  9:01  Roach  
  145  9:04  Roach x2  
  145  9:05  Roach  
  151  9:11  Overlord  
  151  9:16  Hydralisk  
  153  9:18  Roach  
  142  9:28  Hydralisk  
  142  9:29  Hydralisk  
  142  9:30  Overlord x2  
  138  9:33  Overlord  
  138  9:36  Hydralisk x2  
  138  9:37  Overlord  
  138  9:40  Overlord x2  
  138  9:44  Hydralisk x2  
  138  9:46  Roach x9  
  138  9:47  Hydralisk  
  138  9:50  Overlord  
  140  9:53  Extractor  
  140  9:54  Hydralisk x2  
  140  9:59  Hydralisk  
  141  10:01  Roach x2  
  141  10:04  Roach  
  145  10:08  Hydralisk x2  
  145  10:11  Roach  
  139  10:15  Roach x2  
  139  10:20  Overlord, Drone x2  
  139  10:21  Drone  
  146  10:26  Hydralisk  
  146  10:27  Hydralisk, Extractor  
  147  10:31  Drone  
  147  10:32  Drone  
  149  10:40  Hydralisk  
  149  10:42  Muscular Augments  
  151  10:45  Overlord  
  151  10:46  Hydralisk, Roach x7  
  151  10:49  Spore Crawler  
  152  10:51  Spore Crawler, Roach  
  152  10:52  Spore Crawler  
  152  10:55  Roach x2  
  156  10:57  Roach x7  
  156  10:58  Hydralisk  
  156  11:00  Hydralisk  
  160  11:06  Hydralisk x2  
  160  11:08  Roach x4  
  164  11:13  Hydralisk  
  164  11:18  Hydralisk x3  
  168  11:21  Hydralisk  
  168  11:24  Hydralisk  
  174  11:26  Hydralisk  
  174  11:29  Roach x3  
  174  11:31  Hydralisk  
  174  11:32  Hydralisk  
  176  11:44  Hydralisk x2  
  176  11:45  Hydralisk  
  176  11:47  Roach x2  
  184  11:50  Hydralisk  
  184  11:52  Roach  
  182  11:56  Roach x2  
  182  11:58  Roach  
  182  12:00  Overseer  
  182  12:01  Overseer  
  188  12:04  Pneumatized Carapace  
  188  12:06  Roach  
  190  12:20  Spire  
  189  12:32  Roach  
  189  12:33  Roach x23  
  187  12:38  Hatchery  
Tags
 
Add a new tag
Caveats
  • Supply blocks, unpowered buildings, or Contaminate may cause inaccurate times.
  • Supply counts are checked every 10 seconds.